 Dungeon Crawl Stone Soup version 0.19-a0-1792-g28b16ba (webtiles) character file.

22652 Amnesiac the Dealer of Despair (level 12, -2/88 HPs)
             Began as a Mummy Wizard on Oct 5, 2016.
             Was an Elder of Kikubaaqudgha.
             Slain by a five-headed hydra (9 damage)
             ... on level 3 of the Lair of Beasts.
             The game lasted 00:55:50 (25741 turns).

Amnesiac the Dealer of Despair (Mummy Wizard)      Turns: 25741, Time: 00:55:55

Health: -2/88      AC:  7    Str: 10    XL:     12   Next: 64%
Magic:  3/28       EV: 16    Int: 21    God:    Kikubaaqudgha [****..]
Gold:   880        SH:  0    Dex: 15    Spells: 11 memorised, 2 levels left

rFire  x . .     SeeInvis .     n - +1 dagger (pain)
rCold  + . .     Gourm    .     r - +1 robe {MR+}
rNeg   + + +     Faith    .     (no shield)
rPois  ∞         Spirit   .     d - +1 helmet
rElec  .         Dismiss  .     w - -1 cloak (curse)
rCorr  .         Reflect  .     u - +0 pair of gloves
MR     ++...     Harm     .     o - +0 pair of boots
Stlth  ++........               (no amulet)
                                (no ring)
                                k - +3 ring of intelligence

@: no status effects
A: no food or potions, fire vulnerability, cold resistance 1, negative energy
resistance 3, torment resistance, unbreathing
a: Receive Corpses, Renounce Religion


You were on level 3 of the Lair of Beasts.
You worshipped Kikubaaqudgha.
Kikubaaqudgha was greatly pleased with you.
You were not hungry.

You visited 3 branches of the dungeon, and saw 14 of its levels.
You also visited: Sewer and Ice Cave.

You collected 880 gold pieces.

Inventory:

Hand Weapons
 i - the +7 quarterstaff "Romill" {crush, +Fly MR+ Int+4}
   (You found it on level 9 of the Dungeon)

   It inflicts extra damage upon your enemies.
   It affects your intelligence (+4).
   It affects your resistance to hostile enchantments.
   It lets you fly.
 n - a +1 dagger of pain (weapon)
Missiles
 m - 5 throwing nets (quivered)
Armour
 b - a +1 ring mail of fire resistance
 d - a +1 helmet (worn)
 o - a +0 pair of boots (worn)
 r - a +1 robe of magic resistance (worn)
 u - a +0 pair of gloves (worn)
 w - a cursed -1 cloak (worn)
 y - a +2 ring mail of cold resistance
 A - a +0 animal skin of cold resistance
Jewellery
 k - a +3 ring of intelligence (left hand)
 x - an uncursed ring of protection from cold {unknown}
 B - an uncursed ring of wizardry {unknown}
Wands
 q - a wand of confusion (30/48)
Scrolls
 e - 4 scrolls of enchant armour
 f - 4 scrolls of noise
 g - 6 scrolls of remove curse
 h - 10 scrolls of identify
 j - 6 scrolls of teleportation
 l - a scroll of enchant weapon
 p - a scroll of amnesia
 t - a scroll of fear
Books
 a - Kikubaaqudgha's Tome of Sinister Magic
   (Kikubaaqudgha gifted it to you on level 9 of the Dungeon)

   Spells                             Type                      Level
   a - Animate Dead                   Necromancy                   4
   b - Excruciating Wounds            Charms/Necromancy            5
   c - Agony                          Necromancy                   5
   d - Dispel Undead                  Necromancy                   5
   e - Death Channel                  Necromancy                   6
 c - a book of Minor Magic

   Spells                             Type                      Level
   a - Magic Dart                     Conjuration                  1
   b - Blink                          Translocation                2
   c - Call Imp                       Summoning                    2
   d - Repel Missiles                 Charms/Air                   2
   e - Slow                           Hexes                        2
   f - Conjure Flame                  Conjuration/Fire             3
   g - Mephitic Cloud                 Conjuration/Poison/Air       3
 s - a book of Necromancy

   Spells                             Type                      Level
   a - Pain                           Necromancy                   1
   b - Animate Skeleton               Necromancy                   1
   c - Vampiric Draining              Necromancy                   3
   d - Regeneration                   Charms/Necromancy            3
   e - Animate Dead                   Necromancy                   4
   f - Control Undead                 Necromancy                   4
 v - a book of Changes

   Spells                             Type                      Level
   a - Beastly Appendage              Transmutation                1
   b - Sticks to Snakes               Transmutation                2
   c - Spider Form                    Transmutation/Poison         3
   d - Ice Form                       Ice/Transmutation            4
   e - Blade Hands                    Transmutation                5
 z - Kikubaaqudgha's Reference Book on Necromancy
   (Kikubaaqudgha gifted it to you on level 3 of the Dungeon)

   Spells                             Type                      Level
   a - Animate Skeleton               Necromancy                   1
   b - Pain                           Necromancy                   1
   c - Corpse Rot                     Necromancy                   2
   d - Vampiric Draining              Necromancy                   3
   e - Control Undead                 Necromancy                   4


   Skills:
 - Level 6.0 Fighting
 - Level 6.0 Dodging
 - Level 1.5 Stealth
 + Level 12.8 Spellcasting
 - Level 1.0 Conjurations
 - Level 0.7 Summonings
 + Level 13.0 Necromancy
 - Level 0.7 Translocations


You had 2 spell levels left.
You knew the following spells:

 Your Spells              Type           Power        Failure   Level  Hunger
a - Repel Missiles        Chrm/Air       ##....       10%         2    N/A
b - Blink                 Tloc           N/A          8%          2    N/A
c - Control Undead        Necr           ######....   1%          4    N/A
d - Call Imp              Summ           ###.....     8%          2    N/A
e - Mephitic Cloud        Conj/Pois/Air  ##......     14%         3    N/A
f - Vampiric Draining     Necr           ######....   1%          3    N/A
g - Animate Dead          Necr           N/A          1%          4    N/A
q - Agony                 Necr           ######..     1%          5    N/A
s - Conjure Flame         Conj/Fire      ###.....     14%         3    N/A
w - Dispel Undead         Necr           ######..     1%          5    N/A
z - Pain                  Necr           ####         1%          1    N/A

Dungeon Overview and Level Annotations

Branches:
Dungeon (10/15)            Temple (1/1) D:7            Lair (3/6) D:10
  Snake (0/4) Lair:3          Orc (0/2) D:10
  Swamp: Lair:2-4    Shoals: Lair:2-4

Altars:
Kikubaaqudgha
Nemelex Xobeh
Okawaru
Qazlal
Uskayaw
Yredelemnul
The Shining One

Shops:
D:5 =   D:9 (

Annotations:
D:7 exclusions: 2 doors and 1 more exclusion


Innate Abilities, Weirdness & Mutations

You do not eat or drink.
Your flesh is vulnerable to fire.
You are immune to poison.
Your flesh is cold resistant. (rC+)
You are immune to negative energy. (rN+++)
You are immune to unholy pain and torment.
You can survive without breathing.


Message History

The blink frog blinks!
You see here a blink frog corpse.
A komodo dragon comes into view.
The komodo dragon hisses angrily. x2
The five-headed hydra bites you! x2
The five-headed hydra completely misses you.
The five-headed hydra bites you. The five-headed hydra bites you!
* * * LOW HITPOINT WARNING * * *
Found a scale mail and a bronze wand.
You see here a blink frog corpse.
The naga hits you from afar with a glaive!
* * * LOW HITPOINT WARNING * * *
As you read the scroll of fear, it crumbles to dust.
You assume a fearsome visage.
The five-headed hydra resists with some effort.
The komodo dragon looks frightened!
The naga looks frightened!
The blink frog looks frightened!
The five-headed hydra misses you. The five-headed hydra bites you!
You die...
Kikubaaqudgha rasps: "You have failed me!
Welcome... oblivion!"

...............
...............
...........P...
...........# .<........
## ## ..........
###/##.## ...÷.....h
#.l.l...#
.........≈##[.##D.##
........≈≈≈#/ ##@.#
.........≈≈# ##...# #
#......!.≈####..N.# .#
##.......##..##..## ...
##..!.P.#....#.## ...#
###......###..F.## .....
P##....P..####...##......
..#..##...............F..
.P....###...###.....§..F.


You could see a five-headed hydra, a komodo dragon (fleeing), a blink frog
(fleeing) and a naga (fleeing).

Vanquished Creatures
  A white draconian (IceCv)
  2 death yaks (IceCv)
  The ghost of epen the Carver, a novice VSMo of Ru (D:9)
  The ghost of Duskembrace the Nimble, a novice TeAs of Uskayaw (D:10)
  A hill giant (D:8)
  Pikel (D:8)
  A black mamba (Lair:2)
  A centaur zombie (D:10)
  An ice statue (IceCv)
  2 spiny frogs (Lair:2)
  Joseph (D:8)
  3 rime drakes
  2 komodo dragons
  A troll (D:10)
  10 polar bears (IceCv)
  A two-headed ogre (D:8)
  4 blink frogs (Lair:3)
  2 hippogriffs
  Sigmund (D:3)
  A spriggan (D:8)
  A wyvern (D:9)
  2 hungry ghosts
  20 yaks
  3 nagas (Lair:3)
  4 water moccasins
  A porcupine (Lair:1)
  2 orc warriors
  4 sky beasts
  3 slaves (D:8)
  An ice beast (D:8)
  A black bear (D:10)
  A hornet zombie (D:5)
  2 phantoms
  2 necrophages
  3 centaurs
  6 ogres
  26 wolves
  4 crocodiles
  3 big kobolds
  11 bullfrogs
  A gnoll sergeant (D:9)
  A wyvern skeleton (D:8)
  6 killer bees (D:7)
  3 wights
  An electric eel (Lair:1)
  2 howler monkeys (D:9)
  2 crimson imps
  2 quasits
  3 jellies
  3 hounds
  7 orc wizards
  2 orc priests
  2 centaur skeletons
  A gnoll shaman (D:8)
  5 iguanas
  8 worker ants
  2 hound zombies
  2 worker ant zombies
  10 adders
  14 gnolls
  A howler monkey skeleton (D:7)
  9 river rats (Lair:2)
  2 shadow imps
  10 oozes (Sewer)
  2 adder zombies
  2 adder skeletons
  4 worms
  A dart slug (D:1)
  14 leopard geckos
  23 orcs
  11 giant cockroaches
  9 hobgoblins
  6 jackals
  23 kobolds
  4 quokkas
  7 ball pythons
  A bat (D:2)
  18 frilled lizards
  10 goblins
  A jackal zombie (D:8)
  A quokka skeleton (D:6)
  7 rats
  A plant (D:10)
382 creatures vanquished.

Vanquished Creatures (collateral kills)
  Prince Ribbit (D:8)
  A big kobold (D:4)
  2 bullfrogs
  4 wights
  2 crimson imps
  An orc priest (D:8)
  A jelly (D:6)
  2 orc wizards
  2 adders
  An ooze (Sewer)
  8 orcs
  2 giant cockroaches
  3 ball pythons (Sewer)
  A frilled lizard (Sewer)
31 creatures vanquished.

Vanquished Creatures (others)
  2 polar bears (IceCv)
  2 yaks (IceCv)
  A slave (D:8)
  An orc (D:6)
  A fungus (Lair:1)
  2 plants (Lair:3)
9 creatures vanquished.

Grand Total: 422 creatures vanquished

Notes
Turn   | Place    | Note
-------+----------+-------------------------------------------
     0 | D:1      | Amnesiac the Mummy Wizard began the quest for the Orb.
     0 | D:1      | Reached XP level 1. HP: 13/13 MP: 4/4
   120 | D:1      | Reached skill level 1 in Conjurations
   400 | D:2      | Reached XP level 2. HP: 19/19 MP: 3/6
   405 | D:2      | Learned a level 2 spell: Call Imp
  1000 | D:2      | Reached XP level 3. HP: 16/24 MP: 0/8
  1005 | D:2      | Learned a level 3 spell: Mephitic Cloud
  1009 | D:2      | Learned a level 3 spell: Conjure Flame
  1739 | D:4      | Found a glowing drain.
  1776 | Sewer    | Entered a sewer
  1985 | Sewer    | Reached XP level 4. HP: 27/30 MP: 1/10
  1989 | Sewer    | Learned a level 2 spell: Repel Missiles
  2446 | Sewer    | Reached skill level 5 in Spellcasting
  2546 | Sewer    | Learned a level 2 spell: Blink
  3244 | Sewer    | Reached XP level 5. HP: 33/35 MP: 4/12
  3940 | D:4      | Reached XP level 6. HP: 25/41 MP: 0/15
  5148 | D:5      | Entered Level 5 of the Dungeon
  6082 | D:5      | Reached XP level 7. HP: 46/46 MP: 9/18
  6303 | D:5      | Found Pefruom's Jewellery Boutique.
  8322 | D:6      | Reached XP level 8. HP: 52/52 MP: 4/21
  8646 | D:6      | HP: 1/52 [sky beast (6)]
  9608 | D:6      | Reached skill level 10 in Spellcasting
 10735 | D:7      | Found a staircase to the Ecumenical Temple.
 10751 | Temple   | Entered the Ecumenical Temple
 10757 | Temple   | Became a worshipper of Kikubaaqudgha
 10864 | D:5      | Reached skill level 1 in Necromancy
 11423 | D:1      | Found a sparkling altar of Nemelex Xobeh.
 11807 | D:3      | Reached skill level 2 in Necromancy
 12085 | D:3      | Reached * piety under Kikubaaqudgha
 12085 | D:3      | Identified Kikubaaqudgha's Reference Book on Necromancy (Kikubaaqudgha gifted it to you on level 3 of the Dungeon)
 12085 | D:3      | Received a gift from Kikubaaqudgha
 12089 | D:3      | Learned a level 1 spell: Pain
 12378 | D:3      | Noticed Sigmund
 12389 | D:3      | Killed Sigmund
 12389 | D:3      | Reached skill level 3 in Necromancy
 12389 | D:3      | Reached XP level 9. HP: 57/57 MP: 11/23
 12827 | D:7      | Reached skill level 4 in Necromancy
 12832 | D:7      | Learned a level 3 spell: Vampiric Draining
 13051 | D:7      | Reached skill level 5 in Necromancy
 13408 | D:7      | Reached skill level 6 in Necromancy
 13759 | D:7      | Reached skill level 7 in Necromancy
 14075 | D:8      | Noticed Joseph
 14254 | D:8      | Reached ** piety under Kikubaaqudgha
 14313 | D:8      | Noticed a hill giant
 14322 | D:8      | Killed a hill giant
 14322 | D:8      | Reached skill level 8 in Necromancy
 14325 | D:8      | Noticed Pikel
 14344 | D:8      | HP: 2/57 [centaur (7)]
 14781 | D:8      | Reached skill level 9 in Necromancy
 14781 | D:8      | Reached XP level 10. HP: 56/63 MP: 18/24
 15132 | D:8      | Killed Joseph
 15284 | D:8      | Learned a level 4 spell: Control Undead
 15292 | D:8      | Noticed Prince Ribbit
 15305 | D:8      | Killed Prince Ribbit
 15305 | D:8      | Reached skill level 10 in Necromancy
 16032 | D:8      | Killed Pikel
 16298 | D:9      | Reached skill level 11 in Necromancy
 16350 | D:9      | Reached *** piety under Kikubaaqudgha
 16350 | D:9      | Identified Kikubaaqudgha's Tome of Sinister Magic (Kikubaaqudgha gifted it to you on level 9 of the Dungeon)
 16350 | D:9      | Received a gift from Kikubaaqudgha
 16375 | D:9      | Learned a level 5 spell: Dispel Undead
 16381 | D:9      | Learned a level 5 spell: Agony
 16489 | D:9      | Found Numompuw's Antique Weapon Emporium.
 16530 | D:9      | Got a twisted quarterstaff
 16890 | D:9      | Noticed epen's ghost (novice VSMo)
 16895 | D:9      | Killed epen's ghost
 16896 | D:9      | Identified the +7 quarterstaff "Romill" {crush, +Fly MR+ Int+4} (You found it on level 9 of the Dungeon)
 16954 | D:9      | Found an iron altar of Okawaru.
 17250 | D:10     | Entered Level 10 of the Dungeon
 17361 | D:10     | Found a staircase to the Orcish Mines.
 17791 | D:10     | Reached XP level 11. HP: 68/68 MP: 18/26
 17809 | D:10     | Noticed Duskembrace's ghost (novice TeAs)
 17828 | D:10     | Killed Duskembrace's ghost
 17844 | D:10     | Learned a level 4 spell: Animate Dead
 18027 | D:10     | Found a staircase to the Lair.
 18232 | Lair:1   | Entered Level 1 of the Lair of Beasts
 18290 | Lair:1   | Found a hide-covered altar of Uskayaw.
 18564 | Lair:1   | Reached **** piety under Kikubaaqudgha
 19029 | Lair:2   | Reached skill level 12 in Necromancy
 19169 | Lair:2   | Found a frozen archway.
 19182 | Lair:2   | Reached skill level 1 in Fighting
 19190 | IceCv    | Entered an ice cave
 20116 | IceCv    | HP: 1/73 [ice statue/freezing blast (7)]
 21202 | IceCv    | HP: 3/77 [wolf (4)]
 21542 | IceCv    | Reached skill level 5 in Fighting
 22386 | IceCv    | Noticed a death yak
 22456 | IceCv    | Killed a death yak
 22456 | IceCv    | Reached XP level 12. HP: 18/88 MP: 0/28
 23042 | IceCv    | Noticed a white draconian
 23042 | IceCv    | Noticed a death yak
 23055 | IceCv    | Reached skill level 5 in Dodging
 23251 | IceCv    | Killed a death yak
 23759 | IceCv    | Killed a white draconian
 25065 | Lair:3   | HP: 2/88 [blink frog (17)]
 25644 | Lair:3   | Found a staircase to the Snake Pit.
 25662 | Lair:3   | Reached skill level 13 in Necromancy
 25737 | Lair:3   | Noticed a five-headed hydra
 25741 | Lair:3   | Slain by a five-headed hydra

Vault maps used:
D:1:      minmay_arrival_shattered_statue, nemelex_diamond_rough_becter
D:2:      minmay_lizard_king
D:3:      uniq_sigmund
D:4:      first_bread, gup_sewer_entry_bowl
D:5:      serial_shops, shop, grunt_decor_arrowhead
D:6:      st_stairs_13
D:7:      kennysheep_big_flooded_room
D:8:      the_bakery, minivault_12, uniq_pikel, uniq_joseph, uniq_prince_ribbit1
D:9:      serial_shops, nicolae_shop_statue_plus, okawaru_gym_becter
D:10:     dpeg_oklobed_lair
Temple:   nicolae_temple_the_god_donut
Lair:1:   basic_altar, serial_bayou_shore_a
Lair:2:   portal_ice_cave_rime
Lair:3:   beast_lair_carwin_large_2, minmay_snake_entry_guardpost_small
Sewer:    sewer_frog_island_02
IceCv:    ice_cave_caverns_02

Skill      XL: |  1  2  3  4  5  6  7  8  9 10 11 12 |
---------------+-------------------------------------+-----
Conjurations   | 1 |  1.0
Spellcasting   | 4 5 6 7 9 10 11 12 | 12.8
Necromancy     | 3 9 11 12 13 | 13.0
Fighting       | 6 |  6.0
Dodging        | 4 6 |  6.0
Stealth        | |  1.5
Summonings     | |  0.7
Translocations | |  0.7

Action                   |  1- 3 |  4- 6 |  7- 9 | 10-12 || total
-------------------------+-------+-------+-------+-------++-------
Melee: Unarmed           |    24 |    34 |       |       ||    58
       Dagger            |       |    11 |   302 |   551 ||   864
       Short sword       |       |       |     2 |    10 ||    12
       Quarterstaff      |       |       |       |    70 ||    70
 Cast: Magic Dart        |    84 |   230 |   302 |       ||   616
       Call Imp          |     3 |    14 |    23 |    14 ||    54
       Repel Missiles    |       |     1 |       |     1 ||     2
       Mephitic Cloud    |       |     8 |    31 |    34 ||    73
       Blink             |       |     2 |     8 |     3 ||    13
       Conjure Flame     |       |     1 |    26 |    35 ||    62
       Pain              |       |       |    45 |    22 ||    67
       Vampiric Draining |       |       |    15 |   188 ||   203
       Dispel Undead     |       |       |       |     8 ||     8
       Control Undead    |       |       |       |     3 ||     3
       Agony             |       |       |       |    17 ||    17
       Animate Dead      |       |       |       |     1 ||     1
Invok: Receive Corpses   |       |       |       |     1 ||     1
Evoke: Wand              |       |       |     2 |       ||     2
  Use: Scroll            |       |       |    11 |     7 ||    18
 Stab: Confused          |       |     1 |    12 |    13 ||    26
       Sleeping          |       |       |     2 |     3 ||     5
       Betrayed ally     |       |       |       |     1 ||     1
Armor: Robe              |     9 |    18 |    83 |   167 ||   277
       Ring mail         |       |       |       |    38 ||    38
Dodge: Dodged            |    33 |    83 |   269 |   639 ||  1024
       Deflected         |       |     1 |     2 |     2 ||     5
